 Dungeon Crawl Stone Soup version 0.31.0-9-g3a7656b989 (webtiles) character file.

Game seed: 9391135948554035279

584397 tevo3000 the Invulnerable (level 26, -21/248 HPs)
             Began as a Minotaur Fighter on Jan 24, 2024.
             Was the Champion of Okawaru.
             Demolished by Qucs the pandemonium lord (30 damage)
             ... on level 5 of the Realm of Zot on Jan 25, 2024.
             The game lasted 05:33:02 (56271 turns).

tevo3000 the Invulnerable (Minotaur Fighter)       Turns: 56271, Time: 05:33:02

Health: -21/248    AC: 58    Str: 40    XL:     26   Next: 3%
Magic:  4/42       EV: 18    Int:  5    God:    Okawaru [******]
Gold:   7192       SH:  0    Dex: 10    Spells: 37/40 levels left

rFire   + + .        A - +9 executioner's axe (vamp)
rCold   + + +        (shield currently unavailable)
rNeg    . . .        x - +14 crystal plate armour of Oturi {Rampage rPois rC++ SInv}
rPois   +            d - +2 hat
rElec   .            p - +1 cloak of Starlight {*Dazzle EV+4 Stlth--}
rCorr   .            b - +2 pair of gloves {infuse}
SInv    +            i - +2 pair of boots
Will    +....        L - amulet of regeneration Stlth
                     r - ring "Kapyrik" {*Slow Str+7 SInv Stlth+}
HPRegen 1.41/turn    D - ring of Jerav {rF++ rC+ MP+9}
MPRegen 0.28/turn

%: slow self (1%), rampage, infuse magic (1 MP)
@: confused, ambrosia-drunk, studying 4 skills, invisible
A: horns 2, retaliatory headbutt, mutation resistance 1, persistent drain
0: Orb of Zot
}: 3/15 runes: decaying, silver, gossamer
a: Renounce Religion, Heroism, Finesse, Duel


You were on level 5 of the Realm of Zot.
You worshipped Okawaru.
Okawaru was exalted by your worship.
You visited 10 branches of the dungeon, and saw 48 of its levels.
You visited the Abyss 2 times.
You visited 1 bazaar.
You also visited: Ossuary, Bailey, Gauntlet and Ice Cave.

You collected 9849 gold pieces.
You spent 2657 gold pieces at shops.

Inventory:

Hand Weapons
 a - a +1 war axe of flaming
 A - a +9 vampiric executioner's axe (weapon)
 B - a +4 hand axe
 P - a +2 battleaxe of freezing
 R - the +8 mithril axe "Arga" {speed, Will+}
   (You took it off a deep elf zephyrmancer on level 3 of the Elven Halls)

   Will+:     It increases your willpower.
Missiles
 c - 4 darts of dispersal
 f - 33 boomerangs
 q - 30 atropa-tipped darts
 u - 9 silver javelins (quivered)
 N - 6 datura-tipped darts
 T - 10 javelins
Armour
 b - a +2 pair of gloves of infusion (worn)
 d - a +2 hat (worn)
 i - a +2 pair of boots (worn)
 p - the +1 cloak of Starlight (worn) {*Dazzle EV+4 Stlth--}
   (You bought it in a shop on level 11 of the Dungeon)

   *Dazzle:   It may blind those who miss an attack against the wearer in melee
   combat.
   EV+4:      It affects your evasion (+4).
   Stlth--:   It makes you much less stealthy.
 s - a +0 cloak of poison resistance
 x - the +14 crystal plate armour of Oturi (worn) {Rampage rPois rC++ SInv}
   (Okawaru gifted it to you on level 1 of the Lair of Beasts)

   rC++:      It greatly protects you from cold.
   rPois:     It protects you from poison SInv: It lets you see invisible.
   Rampage:   It bestows one free step when moving towards enemies.
Jewellery
 r - the ring "Kapyrik" (left hand) {*Slow Str+7 SInv Stlth+}
   (You found it on level 1 of the Orcish Mines)

   [ring of see invisible]

   Str+7:     It affects your strength (+7).
   SInv:      It lets you see invisible.
   *Slow:     It may slow you when you take damage.
   Stlth+:    It makes you more stealthy.
 w - a ring of ice
 C - a ring of resist corrosion
 D - the ring of Jerav (right hand) {rF++ rC+ MP+9}
   (You found it on level 5 of the Vaults)

   [ring of magical power]

   rF++:      It greatly protects you from fire.
   rC+:       It protects you from cold.
   MP+9:      It affects your magic capacity (+9).
 E - the amulet "Nuduane" {Reflect rPois SH+5}
   (You took it off a yaktaur captain on level 5 of the Vaults)

   [amulet of reflection]

   Reflect:   It reflects blocked missile attacks.
   rPois:     It protects you from poison SH+5: It affects your SH (+5).
 F - a +5 ring of evasion
 J - a ring of poison resistance
 L - an amulet of regeneration (around neck)
 W - a +4 ring of protection
Wands
 O - a wand of polymorph (25)
Scrolls
 j - 4 scrolls of silence
 k - 2 scrolls of poison
 n - 13 scrolls of fear
 o - 23 scrolls of teleportation
 y - 5 scrolls of fog
 H - 3 scrolls of blinking
 K - 4 scrolls of torment
 Q - 5 scrolls of brand weapon
 V - 6 scrolls of immolation
 Z - a scroll of revelation
Potions
 e - 2 potions of berserk rage
 g - 6 potions of ambrosia
 m - 7 potions of attraction
 t - 9 potions of enlightenment
 v - 3 potions of might
 z - 6 potions of brilliance
 I - 2 potions of magic
 M - 16 potions of curing
 S - 5 potions of haste
 Y - 2 potions of cancellation
Miscellaneous
 G - a lightning rod (4/4)
 X - a tin of tremorstones (2/2)


   Skills:
 + Level 22.7 Fighting
 + Level 26.9(27) Axes
 - Level 12.7(21.4) Maces & Flails
 - Level 17.5 Throwing
 O Level 27 Armour
 + Level 16.2 Dodging
 - Level 4.9 Shields
 - Level 7.7 Spellcasting
 - Level 13.4 Earth Magic
 - Level 13.3 Invocations


You had 37 spell levels left.
You knew the following spells:

 Your Spells              Type           Power      Damage    Failure   Level
a - Passwall              Erth           15%        N/A       1%          3

Your spell library contained the following spells:

 Spells                   Type           Power      Damage    Failure   Level
 Lee's Rapid Deconstruct  Erth           7%         3d7*      10%         5
 Leda's Liquefaction      Alch/Erth      4%         N/A       47%         4
 Petrify                  Alch/Erth      8%         N/A       47%         4
 Apportation              Tloc           2%         N/A       65%         1
 Foxfire                  Conj/Fire      4%         2x1d4     65%         1
 Freeze                   Ice            4%         1d3       65%         1
 Kiss of Death            Conj/Necr      4%         2d5       65%         1
 Magic Dart               Conj           4%         1d3       65%         1
 Necrotise                Necr           4%         1d4       65%         1
 Shock                    Conj/Air       4%         1d3       65%         1
 Blink                    Tloc           2%         N/A       78%         2
 Cigotuvi's Dreadful Rot  Necr/Alch/Air  2%         N/A       78%         2
 Ensorcelled Hibernation  Hex/Ice        2%         N/A       78%         2
 Jinxbite                 Hex            2%         N/A       78%         2
 Lesser Beckoning         Tloc           2%         N/A       78%         2
 Mercury Vapours          Alch/Air       2%         N/A       78%         2
 Momentum Strike          Conj/Tloc      2%         3d8       78%         2
 Scorch                   Fire           2%         2d5       78%         2
 Searing Ray              Conj           2%         2d4       78%         2
 Static Discharge         Conj/Air       2%         3-4/arc   78%         2
 Borgnjor's Vile Clutch   Necr/Erth      4%         N/A       83%         5
 Confusing Touch          Hex            1%         N/A       95%         3
 Frozen Ramparts          Ice            2%         1d1       95%         3
 Fugue of the Fallen      Necr           1%         N/A       95%         3
 Hailstorm                Conj/Ice       1%         3d5       95%         3
 Mephitic Cloud           Conj/Alch/Air  1%         N/A       95%         3
 Ozocubu's Armour         Ice            1%         N/A       95%         3
 Sigil of Binding         Hex            1%         N/A       95%         3
 Swiftness                Air            1%         N/A       95%         3
 Vampiric Draining        Necr           1%         2d6       95%         3
 Volatile Blastmotes      Fire/Tloc      2%         2d10      95%         3
 Airstrike                Air            0%         2d(1-17)  100%        4
 Anguish                  Hex/Necr       0%         N/A       100%        4
 Cause Fear               Hex            0%         N/A       100%        4
 Dimensional Bullseye     Hex/Tloc       0%         N/A       100%        4
 Dispel Undead            Necr           1%         3d6       100%        4
 Flame Wave               Conj/Fire      1%         2d4       100%        4
 Fulminant Prism          Conj/Alch      0%         3d5       100%        4
 Ignite Poison            Fire/Alch      1%         N/A       100%        4
 Iskenderun's Mystic Bla  Conj/Tloc      1%         2d3       100%        4
 Manifold Assault         Tloc           1%         N/A       100%        4
 Passage of Golubria      Tloc           1%         N/A       100%        4
 Sticky Flame             Fire/Alch      1%         2d4       100%        4
 Vhi's Electric Charge    Tloc/Air       2%         N/A       100%        4
 Alistair's Intoxication  Alch           0%         N/A       100%        5
 Arcjolt                  Conj/Air       0%         1d10      100%        5
 Curse of Agony           Necr           1%         N/A       100%        5
 Freezing Cloud           Conj/Ice/Air   0%         6-21      100%        5
 Metabolic Englaciation   Hex/Ice        0%         N/A       100%        5
 Silence                  Hex/Air        0%         N/A       100%        5
 Bombard                  Conj/Erth      4%         9d2       100%        6
 Conjure Ball Lightning   Conj/Air       0%         3x3d6     100%        6
 Dispersal                Tloc           0%         N/A       100%        6
 Eringya's Noxious Bog    Alch           0%         4d6       100%        6
 Plasma Beam              Fire/Air       0%         2x1d10    100%        6
 Starburst                Conj/Fire      0%         6d3       100%        6
 Enfeeble                 Hex            0%         N/A       100%        7
 Ozocubu's Refrigeration  Ice            0%         4d7       100%        7
 Disjunction              Tloc           0%         N/A       100%        8
 Ignition                 Fire           0%         3d3       100%        8
 Lehudib's Crystal Spear  Conj/Erth      4%         10d3      100%        8
 Maxwell's Capacitive Co  Air            0%         ∞         100%        8
 Chain Lightning          Conj/Air       0%         2d1       100%        9
 Fire Storm               Conj/Fire      0%         6d1       100%        9
 Polar Vortex             Ice            0%         N/A       100%        9
 Shatter                  Erth           7%         3d10*     100%        9
 Call Imp                 Summ           Unusable   N/A       N/A         2
 Call Canine Familiar     Summ           Unusable   N/A       N/A         3
 Summon Ice Beast         Ice/Summ       Unusable   N/A       N/A         3
 Tukima's Dance           Hex            Unusable   N/A       N/A         3
 Martyr's Knell           Necr/Summ      Unusable   N/A       N/A         4
 Summon Forest            Summ/Tloc      Unusable   N/A       N/A         5
 Summon Cactus Giant      Summ           Unusable   N/A       N/A         6
 Haunt                    Necr/Summ      Unusable   N/A       N/A         7
 Malign Gateway           Summ/Tloc      Unusable   N/A       N/A         7
 Monstrous Menagerie      Summ           Unusable   N/A       N/A         7
 Summon Hydra             Summ           Unusable   N/A       N/A         7

Dungeon Overview and Level Annotations

Branches:
Dungeon (15/15)            Temple (1/1) D:6            Lair (5/5) D:10
  Swamp (4/4) Lair:2       Spider (4/4) Lair:2        Slime (0/5) Lair:5
    Orc (2/2) D:12            Elf (3/3) Orc:2        Vaults (5/5) D:13
  Crypt (0/3) Vaults:2     Depths (4/4) D:15            Zot (5/5) Depths:4
Ossuary (visited)          Bailey (visited)           IceCv (visited)
Gauntlet (visited)

Altars:
Ashenzari
Cheibriados
Dithmenos
Elyvilon
Fedhas
Gozag
Hepliaklqana
Kikubaaqudgha
Makhleb
Nemelex Xobeh
Okawaru
Qazlal
Ru
Sif Muna
Trog
Uskayaw
Vehumet
Wu Jian
Xom
Yredelemnul
Zin
The Shining One
Jiyva

Shops:
D:2 [   D:8 *   D:10 *   D:11 *![*   D:15 *   Orc:1 :   Orc:2 *[[[   Vaults:1 *
Vaults:3 [   Vaults:5 !   Depths:1 *

Portals:
Hell: Depths:1 Depths:2 Depths:3 Depths:4
Abyss: Depths:1 Depths:2 Depths:3
Pandemonium: Depths:2
Ziggurat: Depths:3

Annotations:
D:4 2 transporters, monsoonserge's ghost, weakling HODe
Depths:3 1 runed translucent door


Innate Abilities, Weirdness & Mutations

You have a pair of horns on your head.
You reflexively headbutt those who attack you in melee.
You are somewhat resistant to further mutation.
Your health recovers twice as slowly from being drained.


Message History

You feel better.
Your magical effects are unravelling.
You feel magically purged.
You feel yourself speed up.
You flicker back into view.
You feel your willpower return.
A Qucs, a small abomination and a hellion come into view.
The hellion gives a hideous shriek!
You rampage towards the hellion!
Qucs completely misses you.
You rampage towards the hellion!
You slash the hellion! Your headbutt misses the hellion.
The hellion is moderately wounded.
You open Qucs like a pillowcase!!! Qucs hits you!!
You feel your power leaking away. The hellion barely misses you.
You furiously retaliate!
You headbutt the hellion!
The hellion's vision is obscured by starry radiance!
You closely miss Qucs.
Qucs is lightly wounded.
You strike the helpless hellion from behind!
You slice the hellion!!
You kill the hellion!
Okawaru accepts your kill. Qucs hits you but does no damage.
You completely miss Qucs.
Qucs is lightly wounded.
Qucs hits you!!
* * * LOW HITPOINT WARNING * * *
You feel your power leaking away.
You are confused.
You feel invigorated. Qucs hits you!!
* * * LOW HITPOINT WARNING * * *
You feel your power leaking away.
The small abomination closely misses you.
An Orb Guardian comes into view.
Qucs hits you!!
* * * LOW HITPOINT WARNING * * *
You fade into invisibility!
The small abomination closely misses you.
Qucs hits you!!
You die...

###...# #...# #####
##...### ##### #...#
#...### #...# ##.....
#.⌠.# ##.... #...#####
##### #.......#
########.########
#........^......# ##...
#......@&.^...# #^...
#.......x.....# .....
##...........## #..^...
#...........# #?.....
#...........## #......
#.)...........# #......
#.X........^..## #......
#...............###......
#...###########.†.###.....


You could see Qucs, an Orb Guardian and a small abomination (unable to see you).

Vanquished Creatures
  A pandemonium lord (Zot:5)
  6 dread liches
  4 orbs of fire
  An ancient lich (Zot:5)
  Mara (Vaults:3)
  Mennas (Vaults:5)
  4 juggernauts
  Josephina (Zot:4)
  9 Killer Klowns
  Bai Suzhen (Elf:3)
  A shard shrike (IceCv)
  4 curse toes
  A caustic shrike (Depths:3)
  Jory (Vaults:4)
  Nikola (Spider:2)
  13 golden dragons
  A profane servitor (Depths:1)
  2 bone dragons
  An electric golem (Zot:5)
  Zenata (Elf:1)
  20 Orb Guardians (Zot:5)
  Rupert (Lair:5)
  3 liches
  13 tentacled monstrosities
  Mlioglotl (Swamp:1)
  2 deep elf blademasters (Elf:3)
  Asterion (Elf:3)
  10 sphinxes
  3 titans
  5 quicksilver dragons
  3 deep elf master archers (Elf:3)
  A tentacled starspawn (Abyss:2)
  8 death cobs
  An ancient champion (Depths:1)
  A thorn hunter (Swamp:4)
  Gastronok (Lair:1)
  9 storm dragons
  7 tengu reavers
  6 shadow dragons
  Agnes (Spider:2)
  Kirke (Swamp:1)
  Aizul (Swamp:2)
  A revenant (Abyss:1)
  Donald (Orc:2)
  Roxanne (Spider:2)
  3 protean progenitors
  2 draconian knights (Zot:4)
  9 fire giants
  8 deep elf sorcerers
  An iron dragon (Vaults:5)
  The ghost of Patrick2011b the Fencer, a journeyman DsMo of Trog (Spider:1)
  6 frost giants
  19 vault wardens
  7 ghost moths
  6 deep elf elementalists (Elf:3)
  2 draconian scorchers
  8 draconian shifters
  A juggernaut zombie (Depths:3)
  5 orc warlords
  4 emperor scorpions
  A caustic shrike zombie (Depths:3)
  18 very ugly things
  22 ironbound preservers
  2 draconian stormcallers
  5 draconian annihilators
  A juggernaut skeleton (Depths:3)
  12 stone giants
  2 broodmothers
  9 ironbound thunderhulks
  5 vampire knights (Depths:3)
  8 black draconians
  7 deep elf demonologists
  3 deep elf death magi
  15 green draconians
  6 eleionomae
  4 deep elf annihilators (Elf:3)
  3 war gargoyles
  12 dire elephants
  13 white draconians
  3 bunyips (Swamp:3)
  A minotaur (Gauntlet)
  5 spark wasps
  10 purple draconians
  The ghost of Murgh the Cleaver, a journeyman MiBe of Trog (Lair:4)
  9 red draconians
  12 yellow draconians
  5 ettins
  2 pearl dragon zombies (Depths:1)
  7 fire dragons
  A green death (Abyss:1)
  A blizzard demon (Gauntlet)
  20 yaktaur captains
  A spriggan zombie (Depths:3)
  5 great orbs of eyes
  7 deep elf high priests
  5 ice dragons
  4 entropy weavers
  3 rakshasas
  Fannar (D:10)
  A quicksilver dragon skeleton (Depths:3)
  A hell beast (Depths:1)
  3 spriggan air magi
  2 peacekeepers
  24 hydras
  2 ogre magi
  42 vault guards
  2 spriggan skeletons (Depths:3)
  A salamander tyrant (Depths:1)
  3 jorogumos (Spider:3)
  3 ghost crabs
  22 centaur warriors
  3 radroaches
  9 alligators
  2 death knights
  11 ironbound frosthearts
  8 boulder beetles
  3 two-headed ogres
  A vampire mage (Depths:3)
  6 deep troll shamans
  3 hell hogs (Depths:1)
  7 spriggan berserkers
  30 dancing weapons
  An orc high priest (Orc:1)
  A thrashing horror (Abyss:1)
  3 tengu warriors
  An occultist (D:15)
  5 demonic crawlers
  7 deep troll earth magi
  2 soul eaters
  A sun demon (Orc:1)
  Sonja (Orc:1)
  A skyshark (shapeshifter) (Depths:1)
  5 hell knights (Depths:2)
  17 spriggans
  24 deep elf knights
  3 shadow wraiths (Depths:3)
  5 pharaoh ants
  39 deep trolls
  A skyshark (Lair:3)
  A spark wasp zombie (Depths:3)
  8 orb spiders
  10 skeletal warriors
  10 iron trolls
  4 flayed ghosts
  8 goliath frogs
  2 salamander mystics
  A quicksilver dragon simulacrum (Depths:1)
  A tengu zombie (Depths:3)
  A sea snake (shapeshifter) (Vaults:2)
  An orb spider (shapeshifter) (Elf:1)
  5 arcanists
  4 glowing orange brains
  A glowing orange brain (shapeshifter) (Depths:2)
  13 swamp dragons
  An orange crystal statue (IceCv)
  A snapping turtle (shapeshifter) (Vaults:4)
  A mana viper (shapeshifter) (Elf:3)
  A bog body (Swamp:1)
  10 spriggan druids
  10 harpies
  16 ironbound convokers
  26 deep elf zephyrmancers
  9 deep elf archers
  5 phantasmal warriors
  6 lindwurms
  6 necromancers
  25 wolf spiders
  4 steelbarb worms
  4 orc sorcerers
  2 steelbarb worms (shapeshifter) (Vaults:4)
  3 will-o-the-wisps
  2 manticores (D:15)
  36 deep elf pyromancers
  A shining eye (shapeshifter) (Vaults:5)
  11 orc knights
  48 ugly things
  6 salamanders
  3 cyclopes
  A frost giant zombie (Depths:3)
  3 elephants (Zot:1)
  2 large abominations (Abyss:1)
  24 moths of wrath
  A stone giant skeleton (Vaults:1)
  A water nymph (shapeshifter) (Vaults:4)
  5 meliai
  3 apis skeletons (Depths:1)
  8 black mambas
  A frost giant skeleton (Depths:3)
  4 kobold blastminers
  A guardian serpent (Abyss:2)
  11 vault sentinels
  A naga mage (Abyss:2)
  A smoke demon (Abyss:2)
  A fire giant skeleton (Depths:3)
  9 torpor snails
  3 orange demons (Abyss:1)
  11 cane toads
  A storm dragon simulacrum (Zot:4)
  Jeremiah (D:6)
  4 gargoyles
  An unseen horror (D:11)
  A cane toad (shapeshifter) (D:15)
  A hellion (Zot:5)
  2 freezing wraiths
  2 efreet
  3 kobold demonologists
  35 yaktaurs
  19 rime drakes
  7 tengu conjurers
  A yaktaur skeleton (Vaults:1)
  6 komodo dragons
  Psyche (D:8)
  A tormentor (Zot:5)
  An ice devil (Abyss:1)
  A golden dragon simulacrum (Zot:4)
  A troll (shapeshifter) (Depths:2)
  7 trolls
  24 polar bears
  15 tyrant leeches
  Prince Ribbit (D:8)
  19 hornets
  A polar bear (shapeshifter) (D:15)
  4 raiju (Abyss:1)
  32 tarantellas
  36 blink frogs
  2 ettin zombies
  5 dream sheep (Lair:5)
  A dream sheep (shapeshifter) (Depths:3)
  A glass eye (Depths:3)
  30 jumping spiders
  19 slime creatures
  3 vampires
  3 ynoxinuls (Abyss:1)
  14 culicivoras
  5 air elementals
  A shadow (D:11)
  6 water elementals
  37 yaks
  A fire elemental (Elf:2)
  11 starcursed masses (Abyss:1)
  7 humans
  39 redbacks
  3 wyverns
  5 basilisks
  A basilisk (shapeshifter) (D:15)
  Eustachio (D:5)
  3 hogs (Swamp:1)
  A vampire mosquito (D:13)
  2 neqoxecs (Zot:5)
  A redback simulacrum (D:15)
  7 wargs
  3 wraiths
  Grum (D:8)
  2 steam dragons
  A purple draconian simulacrum (Zot:4)
  A naga (Abyss:2)
  3 chaos spawn
  Menkaure (D:5)
  7 acid dragons
  2 swamp worms (shapeshifter)
  16 swamp worms
  A hell hound (Abyss:1)
  A glowing shapeshifter zombie (Depths:3)
  2 moth of wrath simulacra (Zot:4)
  12 water moccasins
  A glowing shapeshifter skeleton (Depths:3)
  9 swamp drakes
  A black bear (shapeshifter) (D:15)
  3 ice beasts
  7 black bears
  A redback (shapeshifter) (Vaults:4)
  A sky beast (D:7)
  56 orc warriors
  16 wolves
  17 centaurs
  5 laughing skulls
  6 ogres
  A phantom (D:4)
  A kobold brigand (D:9)
  3 elf zombies (Ossuary)
  Blork the orc (D:5)
  3 earth elementals
  13 bullfrogs
  2 scorpions
  5 small abominations
  A gnoll sergeant (D:9)
  A burial acolyte (Ossuary)
  13 wights
  6 killer bees (D:9)
  2 howler monkeys
  9 electric eels
  2 centaur zombies
  A quasit (Abyss:1)
  A bombardier beetle (D:5)
  2 hounds
  5 human zombies
  A gnoll bouda (D:8)
  24 orc priests
  2 jellies (D:5)
  A spectral scorpion (Ossuary)
  2 iguanas (Lair:5)
  36 orc wizards
  A killer bee zombie (Ossuary)
  4 mummies
  11 adders
  24 gnolls
  5 white imps
  2 ufetubi (Abyss:2)
  5 adder zombies (Ossuary)
  A ribbon worm (D:2)
  11 dart slugs
  107 orcs
  11 ball pythons
  6 endoplasms
  2 giant cockroaches
  17 goblins
  9 hobgoblins
  4 quokkas
  6 ball python zombies (Ossuary)
  7 bats
  5 frilled lizards
  A gnoll zombie (Ossuary)
  2 goblin zombies (D:5)
  4 jackal zombies (Ossuary)
  10 kobolds
  5 kobold zombies (Ossuary)
  3 orc zombies (Ossuary)
  4 rats
  An aspiring flesh (Zot:2)
  3 spectral weapons
2216 creatures vanquished.

Vanquished Creatures (others)
  A draconian knight (Zot:5)
  A draconian shifter (Zot:1)
  2 hydras (Swamp:4)
  A deep elf knight (Elf:2)
  A shadow wraith (Vaults:5)
  A goliath frog (Swamp:2)
  3 spriggan druids
  A deep elf pyromancer (D:15)
  An apis skeleton (Depths:1)
  A polar bear (IceCv)
  2 bloated husks
  A culicivora (Spider:1)
  2 humans (Swamp:1)
  2 swamp drakes (Swamp:4)
  An ice beast (D:6)
  A centaur (Orc:2)
  An orc wizard (D:6)
  An orc (Orc:2)
  8 foxfires
  5 starspawn tentacles (Abyss:2)
37 creatures vanquished.

Grand Total: 2253 creatures vanquished

Notes
Turn   | Place    | Note
-------+----------+-------------------------------------------
     0 | D:1      | tevo3000 the Minotaur Fighter began the quest for the Orb.
     0 | D:1      | Reached XP level 1. HP: 19/19 MP: 0/0
   337 | D:1      | Reached XP level 2. HP: 25/27 MP: 1/1
   880 | D:2      | Reached skill level 4 in Armour
   904 | D:2      | Reached XP level 3. HP: 33/33 MP: 2/2
  1129 | D:2      | Reached XP level 4. HP: 41/41 MP: 3/3
  1201 | D:2      | Found Koliusuw's Antique Armour Shop.
  1492 | D:2      | Gained mutation: Your muscles are strong. (Str +4, Int/Dex
                  | -1) [potion of mutation]
  1688 | D:3      | Found a shimmering blue altar of Sif Muna.
  2277 | D:4      | Noticed a black bear
  2287 | D:4      | Killed a black bear
  2288 | D:4      | Reached skill level 5 in Fighting
  2288 | D:4      | Reached skill level 5 in Axes
  2288 | D:4      | Reached skill level 5 in Armour
  2288 | D:4      | Reached XP level 5. HP: 12/48 MP: 4/4
  2495 | D:4      | Noticed a black bear
  2523 | D:4      | Killed a black bear
  2524 | D:4      | Reached XP level 6. HP: 45/56 MP: 5/5
  2584 | D:4      | Found a white marble altar of Elyvilon.
  2586 | D:4      | Found a stormy altar of Qazlal.
  2763 | D:4      | Found a transporter.
  2785 | D:4      | Found a transporter.
  2788 | D:4      | Noticed a small abomination
  3125 | D:4      | Found a burning altar of Makhleb.
  3131 | D:4      | Found a blossoming altar of Fedhas.
  3135 | D:4      | Found a sparkling altar of Nemelex Xobeh.
  3147 | D:4      | Reached XP level 7. HP: 57/62 MP: 6/6
  3157 | D:4      | Found a sacrificial altar of Ru.
  3533 | D:4      | Noticed monsoonserge's ghost (weakling HODe)
  3672 | D:5      | Entered Level 5 of the Dungeon
  3700 | D:5      | Reached skill level 6 in Armour
  3763 | D:5      | Noticed Menkaure
  3771 | D:5      | Killed Menkaure
  3888 | D:5      | Reached XP level 8. HP: 42/71 MP: 7/7
  4164 | D:5      | Found a hide-covered altar of Uskayaw.
  4164 | D:5      | Noticed Blork the orc
  4169 | D:5      | Killed Blork the orc
  4240 | D:5      | Found a sand-covered staircase.
  4247 | Ossuary  | Entered an ossuary
  4334 | Ossuary  | Reached skill level 7 in Armour
  4579 | D:5      | Noticed Eustachio
  4611 | D:5      | Killed Eustachio
  4612 | D:5      | Reached skill level 10 in Axes
  5339 | D:6      | Noticed Jeremiah
  5433 | D:5      | Reached XP level 9. HP: 67/81 MP: 8/8
  5587 | D:6      | Reached skill level 8 in Armour
  5598 | D:6      | Killed Jeremiah
  6046 | D:6      | Found a staircase to the Ecumenical Temple.
  6071 | Temple   | Entered the Ecumenical Temple
  6153 | Temple   | Became a worshipper of Warmaster Okawaru
  6526 | D:7      | Noticed a kobold demonologist
  6540 | D:7      | Gained mutation: Your spells are a little easier to cast,
                  | but a little less powerful. [a neqoxec]
  6542 | D:7      | Killed a kobold demonologist
  6543 | D:7      | Reached skill level 9 in Armour
  6574 | D:7      | Found a shadowy altar of Dithmenos.
  6590 | D:7      | Reached * piety under Okawaru
  6634 | D:7      | Found a flagged portal.
  6640 | Bailey   | Entered a bailey
  6891 | Bailey   | Reached XP level 10. HP: 71/91 MP: 9/9
  6953 | Bailey   | Reached ** piety under Okawaru
  7161 | Bailey   | Acquired a manual of Armour
  7305 | Bailey   | Found an iron altar of Okawaru.
  7305 | Bailey   | Noticed an orc sorcerer
  7315 | Bailey   | Killed an orc sorcerer
  7316 | Bailey   | Reached skill level 10 in Fighting
  7316 | Bailey   | Reached skill level 10 in Armour
  7859 | D:7      | Noticed a deep elf pyromancer
  7871 | D:7      | Killed a deep elf pyromancer
  7871 | D:7      | Reached *** piety under Okawaru
  7872 | D:7      | Reached skill level 11 in Armour
  8301 | D:8      | Noticed Psyche
  8307 | D:8      | Killed Psyche
  8375 | D:8      | Found an opulent altar of Gozag.
  8378 | D:8      | Found an opulent altar of Gozag.
  8379 | D:8      | Noticed Grum
  8387 | D:8      | Found an opulent altar of Gozag.
  8391 | D:8      | Killed Grum
  8403 | D:8      | Found an opulent altar of Gozag.
  8489 | D:8      | Found Maifyvus's Island Escapes.
  8512 | D:8      | Reached skill level 12 in Armour
  8521 | D:8      | Noticed Prince Ribbit
  8537 | D:8      | Reached **** piety under Okawaru
  8539 | D:8      | Killed Prince Ribbit
  8540 | D:8      | Reached XP level 11. HP: 75/95 MP: 10/10
  8874 | D:9      | Noticed a deep elf pyromancer
  8884 | D:9      | Killed a deep elf pyromancer
  8920 | D:9      | Reached skill level 13 in Armour
  9084 | D:9      | Reached ***** piety under Okawaru
  9227 | D:9      | Reached skill level 1 in Invocations
  9406 | D:10     | Entered Level 10 of the Dungeon
  9507 | D:10     | Noticed Fannar
  9540 | D:10     | Killed Fannar
  9541 | D:10     | Reached skill level 14 in Armour
  9580 | D:10     | Found Luukoron's CLEARANCE SALE!.
  9598 | D:10     | Identified the +4 ring mail "Voenim" {Harm rElec rF+ rC+}
  9646 | D:10     | Found a hazy altar of Hepliaklqana.
 10154 | D:10     | Noticed a two-headed ogre
 10156 | D:10     | Killed a two-headed ogre
 10275 | D:10     | Found a staircase to the Lair.
 10284 | Lair:1   | Entered Level 1 of the Lair of Beasts
 10308 | Lair:1   | Reached skill level 15 in Axes
 10315 | Lair:1   | Reached skill level 5 in Invocations
 10321 | Lair:1   | Received a gift from Okawaru
 10414 | Lair:1   | Noticed Gastronok
 10427 | Lair:1   | Killed Gastronok
 10428 | Lair:1   | Reached XP level 12. HP: 112/112 MP: 13/15
 10630 | Lair:1   | Reached skill level 15 in Armour
 10845 | Lair:1   | Received a gift from Okawaru
 10889 | Lair:1   | Reached ****** piety under Okawaru
 10909 | Lair:1   | Acquired a +1 vampiric executioner's axe
 10909 | Lair:1   | Received a gift from Okawaru
 10922 | Lair:1   | Acquired the +14 crystal plate armour of Oturi {Rampage
                  | rPois rC++ SInv}
 10922 | Lair:1   | Received a gift from Okawaru
 11042 | Lair:1   | Acquired the scarf of Noon {rC+ rF+, Int+3 Dex+3 Slay-3}
 11043 | Lair:1   | Acquired 781 gold pieces
 11044 | Lair:1   | Acquired a +5 ring of evasion
 11336 | Lair:2   | Noticed an eight-headed hydra
 11520 | Lair:2   | Killed a 13-headed hydra
 11620 | Lair:2   | Received a gift from Okawaru
 11641 | Lair:2   | Reached skill level 16 in Armour
 11656 | Lair:2   | Found a staircase to the Swamp.
 11888 | Lair:2   | Found a hole to the Spider Nest.
 12402 | Lair:3   | Reached XP level 13. HP: 119/119 MP: 18/18
 12916 | Lair:4   | Received a gift from Okawaru
 12925 | Lair:4   | Found a runed translucent gate.
 12926 | Lair:4   | Found a runed translucent gate.
 12952 | Lair:4   | Found a runed translucent gate.
 12952 | Lair:4   | Noticed Murgh's ghost (journeyman MiBe)
 12977 | Lair:4   | Reached skill level 1 in Throwing
 12983 | Lair:4   | Killed Murgh's ghost
 13835 | Lair:5   | Entered Level 5 of the Lair of Beasts
 13835 | Lair:5   | Noticed Rupert
 13850 | Lair:5   | Killed Rupert
 13854 | Lair:5   | Reached skill level 17 in Armour
 13932 | Lair:5   | Reached skill level 10 in Invocations
 13974 | Lair:5   | Received a gift from Okawaru
 14062 | Lair:5   | Found a staircase to the Slime Pits.
 14062 | Lair:5   | Found a viscous altar of Jiyva.
 14072 | Lair:5   | Reached skill level 5 in Throwing
 14375 | Lair:5   | Noticed a fire dragon
 14389 | Lair:5   | Killed a fire dragon
 14564 | Lair:5   | Reached XP level 14. HP: 130/130 MP: 20/20
 14573 | Lair:5   | Received a gift from Okawaru
 15091 | D:11     | Found Gaut's Distillery.
 15097 | D:11     | Found Giul's General Store.
 15136 | D:11     | Found a gate leading to a gauntlet.
 15137 | D:11     | Found Misitecwoi's Assorted Antiques.
 15146 | D:11     | Found Fomod's Armour Boutique.
 15158 | Gauntlet | Entered a Gauntlet
 15158 | Gauntlet | Found a transporter.
 15158 | Gauntlet | Found a transporter.
 15158 | Gauntlet | Found a transporter.
 15159 | Gauntlet | Found a transporter.
 15162 | Gauntlet | Found a transporter.
 15163 | Gauntlet | Found a transporter.
 15170 | Gauntlet | Found a transporter.
 15171 | Gauntlet | Found a transporter.
 15172 | Gauntlet | Found a transporter.
 15174 | Gauntlet | Found a transporter.
 15182 | Gauntlet | Found a transporter.
 15182 | Gauntlet | Found a transporter.
 15370 | Gauntlet | Identified the +10 sling "Yggyteca" {heavy, *Slow Str-3
                  | Int+6 Dex+3}
 15538 | Gauntlet | Identified the +0 pair of gloves of Darkness {Str-4 Int+3
                  | Dex+3}
 15578 | Gauntlet | Found the +7 captain's cutlass {speed, disarm}
 15602 | Gauntlet | Got the Discourse on Sinister Energy
 15608 | Gauntlet | Got Lirriyru's Folio of Bewitchment
 15736 | D:11     | Bought the +1 cloak of Starlight {*Dazzle EV+4 Stlth--} for
                  | 457 gold pieces
 15736 | D:11     | Found the +1 cloak of Starlight {*Dazzle EV+4 Stlth--}
 15820 | D:11     | Bought a potion of heal wounds for 70 gold pieces
 15890 | D:11     | Bought a potion of heal wounds for 75 gold pieces
 15890 | D:11     | Bought 2 potions of enlightenment for 150 gold pieces
 15890 | D:11     | Bought a potion of cancellation for 120 gold pieces
 15890 | D:11     | Bought a potion of might for 60 gold pieces
 15890 | D:11     | Bought a potion of curing for 45 gold pieces
 15890 | D:11     | Bought a potion of might for 60 gold pieces
 15890 | D:11     | Bought a potion of haste for 150 gold pieces
 16012 | D:11     | You fall into a shaft and drop 2 floors!
 16151 | D:13     | Found a gate to the Vaults.
 16168 | D:13     | Received a gift from Okawaru
 16216 | D:13     | Identified the amulet of Komirhe {Faith Int+5 Stlth+}
 16902 | D:12     | Received a gift from Okawaru
 17173 | D:12     | Found a staircase to the Orcish Mines.
 18435 | Orc:1    | Entered Level 1 of the Orcish Mines
 18435 | Orc:1    | Noticed Sonja
 18435 | Orc:1    | Found Lisifaof's Book Shoppe.
 18481 | Abyss:1  | Found a corrupted altar of Lugonu.
 18481 | Abyss:1  | Cast into level 1 of the Abyss (Sonja)
 18627 | Abyss:1  | Reached XP level 15. HP: 96/139 MP: 23/23
 18637 | Abyss:1  | Received a gift from Okawaru
 18689 | Abyss:1  | Reached skill level 18 in Armour
 18697 | Abyss:1  | Noticed a revenant
 18728 | Abyss:1  | Killed a revenant
 18886 | Abyss:1  | Noticed a tentacled starspawn
 18891 | Abyss:2  | Found a corrupted altar of Lugonu.
 18929 | Abyss:2  | Noticed a tentacled starspawn
 18937 | Abyss:2  | Killed a tentacled starspawn
 19008 | Abyss:2  | Reached skill level 15 in Fighting
 19014 | Abyss:2  | Noticed a tentacled starspawn
 19018 | Orc:1    | Escaped the Abyss
 19036 | Abyss:2  | Cast into level 2 of the Abyss (Sonja)
 19074 | Orc:1    | Escaped the Abyss
 19089 | Orc:1    | Killed Sonja
 19322 | Orc:1    | Received a gift from Okawaru
 19399 | Orc:1    | Got the Parchment of Toxicology and Accompaniment
 19476 | Orc:1    | Identified the +10 dagger "Agruan" {freeze, Int+3 Dex+2}
 19480 | Orc:1    | Identified the ring "Kapyrik" {*Slow Str+7 SInv Stlth+}
 19638 | Orc:2    | Entered Level 2 of the Orcish Mines
 19638 | Orc:2    | Noticed Donald
 19657 | Orc:2    | Killed Donald
 19780 | Orc:2    | Found a staircase to the Elven Halls.
 19907 | Orc:2    | Found Yfavewir's Antique Armour Shoppe.
 19907 | Orc:2    | Found Jizeuf's Armour Shop.
 19910 | Orc:2    | Found Fujohiuc's General Store.
 19918 | Orc:2    | Found Roira's Antique Armour Emporium.
 19970 | Orc:2    | Bought a scroll of acquirement for 832 gold pieces
 19987 | Orc:2    | Acquired a manual of Throwing
 20376 | D:14     | Reached skill level 10 in Throwing
 20376 | D:14     | Received a gift from Okawaru
 20535 | D:14     | Learned a level 3 spell: Passwall
 20688 | D:14     | Reached skill level 1 in Earth Magic
 21050 | D:14     | Identified the staff of Giquosm {rPois rF+ rC- Conj Tloc
                  | Alchemy}
 21112 | D:14     | Found a hide-covered altar of Uskayaw.
 21190 | D:15     | Entered Level 15 of the Dungeon
 21235 | D:15     | Reached skill level 1 in Spellcasting
 21240 | D:15     | Reached XP level 16. HP: 49/149 MP: 24/24
 21242 | D:15     | Received a gift from Okawaru
 21444 | D:15     | Found Kifean's General Store.
 21641 | D:15     | Identified the +1 halberd of Vateor {drain, Stlth+}
 21728 | D:15     | Got Ytunuy's Incunable of the Dimensional Serac
 22300 | D:15     | Found a staircase to the Depths.
 22665 | Swamp:1  | Entered Level 1 of the Swamp
 22822 | Swamp:1  | Lost mutation: Your spells are a little easier to cast, but
                  | a little less powerful. [potion of mutation]
 22822 | Swamp:1  | Lost mutation: Your muscles are strong. (Str +4, Int/Dex
                  | -1) [potion of mutation]
 22822 | Swamp:1  | Gained mutation: You are frail. (-10% HP) [potion of
                  | mutation]
 22822 | Swamp:1  | Gained mutation: Your mind is acute. (Int +4, Str/Dex -1)
                  | [potion of mutation]
 22828 | Swamp:1  | Noticed Kirke
 22836 | Swamp:1  | Killed Kirke
 22837 | Swamp:1  | Reached skill level 19 in Armour
 22938 | Swamp:1  | Noticed Mlioglotl
 22948 | Swamp:1  | Killed Mlioglotl
 22949 | Swamp:1  | Reached skill level 5 in Earth Magic
 22970 | Swamp:1  | Received a gift from Okawaru
 23378 | Swamp:2  | Identified the serpent talisman of Omollaf {rN+ rCorr
                  | Int+3}
 23378 | Swamp:2  | Noticed Aizul
 23392 | Swamp:2  | Killed Aizul
 23440 | Swamp:2  | Noticed a tentacled monstrosity
 23451 | Swamp:2  | Killed a tentacled monstrosity
 23669 | Swamp:2  | Identified the +5 leather armour of Utrinuwaa {Stlth+}
 23882 | Swamp:3  | Received a gift from Okawaru
 23885 | Swamp:3  | Reached XP level 17. HP: 140/140 MP: 23/25
 24319 | Swamp:4  | Entered Level 4 of the Swamp
 24638 | Swamp:4  | Received a gift from Okawaru
 24723 | Swamp:4  | Got a decaying rune of Zot
 24827 | Swamp:4  | Received a gift from Okawaru
 25050 | Spider:1 | Entered Level 1 of the Spider Nest
 25712 | Spider:1 | Found a runed translucent door.
 25712 | Spider:1 | Found a shimmering altar of Xom.
 25712 | Spider:1 | Noticed Patrick2011b's ghost (journeyman DsMo)
 25725 | Spider:1 | Killed Patrick2011b's ghost
 25729 | Spider:1 | Identified the +9 flail of Wu Jian's Displeasure {heavy,
                  | rN+ Dex+2}
 26144 | Spider:2 | Noticed Nikola
 26166 | Spider:2 | Killed Nikola
 26166 | Spider:2 | Received a gift from Okawaru
 26509 | Spider:2 | Noticed Roxanne
 26545 | Spider:2 | Killed Roxanne
 26549 | Spider:2 | Noticed Agnes
 26558 | Spider:2 | Killed Agnes
 26958 | Spider:3 | Found a glacial archway.
 26963 | IceCv    | Entered an ice cave
 27056 | IceCv    | Reached skill level 20 in Armour
 27216 | IceCv    | Reached XP level 18. HP: 146/146 MP: 0/26
 27253 | IceCv    | Received a gift from Okawaru
 27456 | IceCv    | Reached skill level 5 in Spellcasting
 27659 | IceCv    | Noticed a shard shrike
 27679 | IceCv    | Killed a shard shrike
 27799 | IceCv    | Got the Incunabulum of Snow
 28551 | Spider:3 | Reached skill level 15 in Throwing
 28736 | Spider:3 | Received a gift from Okawaru
 29045 | Spider:3 | Identified the +3 ring mail of Elyvilon's Approval {Dex+2}
 29053 | Spider:3 | Acquired 679 gold pieces
 29156 | Spider:4 | Entered Level 4 of the Spider Nest
 29358 | Spider:4 | Reached skill level 10 in Earth Magic
 29692 | Spider:4 | Received a gift from Okawaru
 30026 | Spider:4 | Lost mutation: Your mind is acute. (Int +4, Str/Dex -1)
                  | [potion of mutation]
 30026 | Spider:4 | Lost mutation: You are frail. (-10% HP) [potion of
                  | mutation]
 30026 | Spider:4 | Gained mutation: You are somewhat resistant to further
                  | mutation. [potion of mutation]
 30200 | Arena    | Entered the Arena
 30290 | Spider:4 | Got a gossamer rune of Zot
 30698 | Vaults:1 | Entered Level 1 of the Vaults
 31079 | Vaults:1 | Received a gift from Okawaru
 31150 | Vaults:1 | Reached XP level 19. HP: 170/170 MP: 13/27
 31292 | Vaults:1 | Found Hivvysh's Assorted Antiques.
 32223 | Vaults:1 | Received a gift from Okawaru
 32806 | Vaults:2 | Reached skill level 21 in Armour
 33287 | Vaults:2 | Acquired 634 gold pieces
 33858 | Vaults:2 | Received a gift from Okawaru
 34191 | Vaults:2 | Found a staircase to the Crypt.
 34191 | Vaults:2 | Found an ancient bone altar of Kikubaaqudgha.
 34191 | Vaults:2 | Found a basalt altar of Yredelemnul.
 35152 | Vaults:3 | Received a gift from Okawaru
 35155 | Vaults:3 | Reached XP level 20. HP: 179/179 MP: 11/29
 35641 | Vaults:3 | Noticed Mara
 35663 | Vaults:3 | Noticed tevo3000's illusion
 35690 | Vaults:3 | Killed Mara
 36339 | Vaults:3 | Found Zyelar's Antique Armour Shoppe.
 36793 | Vaults:4 | Noticed Jory
 36808 | Vaults:4 | Killed Jory
 36904 | Vaults:4 | Received a gift from Okawaru
 37945 | Vaults:4 | Received a gift from Okawaru
 38232 | Vaults:4 | Reached skill level 1 in Maces & Flails
 38232 | Vaults:4 | Reached skill level 1 in Dodging
 38236 | Vaults:4 | Reached skill level 22 in Armour
 38715 | Depths:1 | Entered Level 1 of the Depths
 38752 | Depths:1 | Found Ydghaul's Fire Supplies.
 38756 | Depths:1 | Identified the ring of Equivalence {Ice rElec Str+3 SInv
                  | Stlth+}
 38805 | Depths:1 | Found a one-way gate to the infinite horrors of the Abyss.
 38865 | Depths:1 | Received a gift from Okawaru
 38889 | Depths:1 | Found a gateway to Hell.
 38918 | Depths:1 | Reached XP level 21. HP: 178/187 MP: 1/31
 38942 | Depths:1 | Found a flickering gateway to a bazaar.
 38948 | Bazaar   | Entered a bazaar
 38948 | Bazaar   | Found Lexkeapn's Armour Shop.
 38948 | Bazaar   | Found Somnoco's Jewellery Shoppe.
 39056 | Bazaar   | Found Zycoocum's Antique Weapon Shop.
 39056 | Bazaar   | Found Ygosouschi's Jewellery Emporium.
 39579 | Depths:1 | Found a snail-covered altar of Cheibriados.
 39586 | Depths:1 | Paralysed by a sphinx for 3 turns
 39610 | Depths:1 | Received a gift from Okawaru
 40237 | Depths:1 | Noticed a profane servitor
 40238 | Depths:1 | Found a basalt altar of Yredelemnul.
 40253 | Depths:1 | Killed a profane servitor
 40361 | Depths:2 | Reached skill level 5 in Maces & Flails
 40390 | Depths:2 | Received a gift from Okawaru
 40458 | Depths:2 | Reached skill level 5 in Dodging
 40998 | Depths:2 | Found a one-way gate leading to the halls of Pandemonium.
 41211 | Depths:2 | Noticed a juggernaut
 41211 | Depths:2 | Noticed a juggernaut
 41230 | Depths:2 | Killed a juggernaut
 41235 | Depths:2 | Killed a juggernaut
 41402 | Depths:2 | You fall into a shaft and drop 2 floors!
 41402 | Depths:4 | Entered Level 4 of the Depths
 41440 | Depths:3 | Noticed a dread lich
 41444 | Depths:3 | Received a gift from Okawaru
 41449 | Depths:3 | Paralysed by a dread lich for 3 turns
 41453 | Depths:3 | Killed a dread lich
 41530 | Depths:3 | Received a gift from Okawaru
 41536 | Depths:3 | Got the Volume of Dark Magic
 41780 | Depths:2 | Noticed a juggernaut
 41793 | Depths:2 | Killed a juggernaut
 42275 | Depths:3 | Found a one-way gateway to a ziggurat.
 42343 | Depths:3 | Found a runed translucent door.
 42344 | Depths:3 | Noticed a juggernaut
 42346 | Depths:3 | Found a runed translucent door.
 42346 | Depths:3 | Found a runed translucent door.
 42361 | Depths:3 | Killed a juggernaut
 42369 | Depths:3 | Reached skill level 23 in Armour
 42382 | Depths:3 | Reached XP level 22. HP: 74/200 MP: 0/32
 42433 | Depths:3 | Received a gift from Okawaru
 42808 | Depths:3 | Noticed a caustic shrike
 42829 | Depths:3 | Noticed a golden dragon
 42831 | Depths:3 | Killed a caustic shrike
 42845 | Depths:3 | Killed a golden dragon
 43365 | Depths:3 | Identified the +6 scale mail of a volcano {rF+ Dex+3}
 43571 | Arena    | Entered the Arena
 43720 | Depths:4 | Found a gate to the Realm of Zot.
 43807 | Arena    | Entered the Arena
 44028 | Depths:4 | Noticed a golden dragon
 44035 | Depths:4 | Killed a golden dragon
 44125 | Depths:4 | Found a white marble altar of Elyvilon.
 44419 | Depths:4 | Noticed a golden dragon
 44432 | Depths:4 | Killed a golden dragon
 44776 | Elf:1    | Entered Level 1 of the Elven Halls
 45238 | Vaults:5 | Entered Level 5 of the Vaults
 45248 | Vaults:5 | Received a gift from Okawaru
 45259 | Vaults:5 | Reached skill level 10 in Maces & Flails
 45272 | Vaults:5 | Paralysed by an ogre mage for 3 turns
 45428 | Vaults:5 | Noticed a golden dragon
 45430 | Vaults:5 | Noticed a golden dragon
 45439 | Vaults:5 | Noticed Mennas
 45449 | Vaults:5 | Noticed a golden dragon
 45454 | Vaults:5 | Killed a golden dragon
 45459 | Vaults:5 | Killed a golden dragon
 45471 | Vaults:5 | Killed a golden dragon
 45483 | Vaults:5 | Killed Mennas
 45484 | Vaults:5 | Reached XP level 23. HP: 206/211 MP: 0/33
 45489 | Vaults:5 | Noticed a dread lich
 45493 | Vaults:5 | Reached skill level 10 in Dodging
 45497 | Arena    | Entered the Arena
 45502 | Arena    | Killed a dread lich
 45513 | Vaults:5 | Paralysed by a sphinx for 4 turns
 45519 | Vaults:5 | Reached skill level 24 in Armour
 45562 | Vaults:5 | Received a gift from Okawaru
 45562 | Vaults:5 | Identified the +3 quarterstaff of Usanuudob {freeze, rC+++
                  | Will- Str+3 Dex+4}
 45562 | Vaults:5 | Identified the amulet "Nuduane" {Reflect rPois SH+5}
 45914 | Vaults:5 | Found Laeqehugra's Distillery.
 45941 | Vaults:5 | Bought a potion of cancellation for 176 gold pieces
 45941 | Vaults:5 | Bought a potion of berserk rage for 110 gold pieces
 45941 | Vaults:5 | Bought a potion of might for 88 gold pieces
 45941 | Vaults:5 | Bought a potion of cancellation for 176 gold pieces
 45941 | Vaults:5 | Bought a potion of might for 88 gold pieces
 46303 | Vaults:5 | Identified the +3 plate armour "Zoxing" {Rampage rN+}
 46342 | Vaults:5 | Got Buwkamergh's Handbook of Calling and Inhalation
 46620 | Vaults:5 | Identified the ring of Jerav {rF++ rC+ MP+9}
 46665 | Vaults:5 | Got a silver rune of Zot
 47428 | Elf:1    | Noticed Zenata
 47450 | Elf:1    | Killed Zenata
 47684 | Elf:2    | Paralysed by an air elemental for 1 turns
 47746 | Elf:2    | Received a gift from Okawaru
 47931 | Elf:2    | Found a runed translucent gate.
 47931 | Elf:2    | Found a runed translucent gate.
 47932 | Elf:2    | Found a runed translucent gate.
 48334 | Elf:2    | Paralysed by an air elemental for 1 turns
 48730 | Elf:3    | Entered Level 3 of the Elven Halls
 49008 | Elf:3    | Noticed Bai Suzhen
 49014 | Elf:3    | Killed Bai Suzhen
 49171 | Elf:3    | Paralysed by an air elemental for 1 turns
 49377 | Elf:3    | Noticed Asterion
 49388 | Elf:3    | Killed Asterion
 49578 | Elf:3    | Reached XP level 24. HP: 223/223 MP: 19/33
 49616 | Elf:3    | Received a gift from Okawaru
 49667 | Elf:3    | Reached skill level 25 in Armour
 49727 | Elf:3    | Identified the +1 halberd "Arbiter" {flame, +Blink rElec
                  | rC- Str+8}
 49880 | Elf:3    | Identified the +6 chain mail "Zid Emmi" {Harm Rampage rElec
                  | Will+}
 49880 | Elf:3    | Found the +3 pair of gauntlets of War {Slay+5}
 49952 | Elf:3    | Identified the +11 whip of Dishonour {distort, rElec rPois
                  | rF+}
 50352 | Zot:1    | Entered Level 1 of the Realm of Zot
 50602 | Zot:1    | Noticed an orb of fire
 50613 | Zot:1    | Killed an orb of fire
 50918 | Zot:1    | Received a gift from Okawaru
 51260 | Zot:1    | Noticed a Killer Klown
 51261 | Zot:1    | Noticed a Killer Klown
 51262 | Zot:1    | Noticed a Killer Klown
 51262 | Zot:1    | Noticed a Killer Klown
 51267 | Zot:1    | Noticed a Killer Klown
 51268 | Zot:1    | Killed a Killer Klown
 51268 | Zot:1    | Noticed a Killer Klown
 51272 | Zot:1    | Killed a Killer Klown
 51277 | Zot:1    | Killed a Killer Klown
 51290 | Zot:1    | Killed a Killer Klown
 51295 | Zot:1    | Killed a Killer Klown
 51303 | Zot:1    | Killed a Killer Klown
 51886 | Zot:2    | Received a gift from Okawaru
 53288 | Zot:3    | Received a gift from Okawaru
 53468 | Zot:3    | Identified the +6 chain mail "Jaezesma" {Will+}
 53666 | Zot:3    | Reached XP level 25. HP: 235/235 MP: 33/33
 54388 | Zot:4    | Noticed a Killer Klown
 54390 | Zot:4    | Noticed a Killer Klown
 54421 | Zot:4    | Killed a Killer Klown
 54428 | Zot:4    | Received a gift from Okawaru
 54433 | Zot:4    | Killed a Killer Klown
 54434 | Zot:4    | Reached skill level 26 in Armour
 54736 | Zot:4    | Identified the ring "Ereurraoc" {Ice *Corrode rElec MP-9
                  | Int+10}
 54736 | Zot:4    | Noticed Josephina
 54766 | Zot:4    | Killed Josephina
 55452 | Zot:5    | Entered Level 5 of the Realm of Zot
 55700 | Zot:5    | Received a gift from Okawaru
 55753 | Zot:5    | Reached skill level 15 in Dodging
 56027 | Zot:5    | Noticed an ancient lich
 56036 | Zot:5    | Killed an ancient lich
 56048 | Zot:5    | Noticed an orb of fire
 56053 | Zot:5    | Noticed a dread lich
 56053 | Zot:5    | Noticed an orb of fire
 56059 | Zot:5    | Noticed an orb of fire
 56061 | Zot:5    | Noticed a dread lich
 56061 | Zot:5    | Noticed a Killer Klown
 56065 | Zot:5    | Noticed a dread lich
 56066 | Zot:5    | Gained mutation: Your health recovers twice as slowly from
                  | being drained. [an orb of fire]
 56069 | Zot:5    | Killed a Killer Klown
 56078 | Zot:5    | Noticed a dread lich
 56079 | Zot:5    | Killed an orb of fire
 56080 | Zot:5    | Killed an orb of fire
 56082 | Zot:5    | Killed an orb of fire
 56082 | Zot:5    | Killed a dread lich
 56082 | Zot:5    | Received a gift from Okawaru
 56093 | Zot:5    | Killed a dread lich
 56101 | Zot:5    | Killed a dread lich
 56105 | Zot:5    | Killed a dread lich
 56169 | Zot:5    | Received a gift from Okawaru
 56188 | Zot:5    | Got the Orb of Zot
 56221 | Zot:5    | Noticed Noef the pandemonium lord
 56243 | Zot:5    | Killed Noef the pandemonium lord
 56244 | Zot:5    | Reached XP level 26. HP: 74/248 MP: 0/33
 56252 | Zot:5    | Reached skill level 27 in Armour
 56265 | Zot:5    | Noticed Qucs the pandemonium lord
 56270 | Zot:5    | HP: 5/248 [Qucs the pandemonium lord (28)]
 56271 | Zot:5    | Demolished by Qucs the pandemonium lord

Illustrated notes

Levels and vault maps discovered:
D:1:      dpeg_arrival_rooms_a, layout_basic, serial_forest,
          infiniplex_forest_corner_1, infiniplex_forest_lined_4_way,
          infiniplex_forest_clump_C, infiniplex_forest_fountain,
          infiniplex_forest_join, infiniplex_forest_clump_medium,
          infiniplex_forest_join, infiniplex_forest_lined_ring,
          grunt_decor_mini_mirrors, roderic_roman_lattice, kennysheep_doodads,
          st_stairs_3, kennysheep_nondescript
D:2:      layout_basic, serial_shops, shop
D:3:      layout_loops_cross, mainiacjoe_overflow_tiny_flanked,
          minmay_box_of_dots
D:4:      layout_basic, minitemple, jmf_multi_god_temple,
          gammafunk_ghost_abyssal_escape, serial_park_tiny_2,
          minmay_misc_feat_more_columns, minmay_starry_boxes
D:5:      layout_layer_cave, nicolae_overflow_hidden_temple,
          nicolae_ossuary_entry_giza, serial_library_hellmonk_reading_circle,
          hangedman_decor_riveting, st_stairs_14, uniq_eustachio,
          uniq_blork_the_orc, uniq_menkaure
D:6:      kennysheep_slugbush, layout_rooms, minmay_temple_entry_gardened_gates,
          minmay_misc_feat_ornament, kennysheep_small_square, uniq_jeremiah
D:7:      layout_cave_pools, kennysheep_little_box, enter_bailey_3,
          guppyfry_early_elven_hall
D:8:      layout_rooms, nicolae_gozag_conspicuous_consumption,
          nicolae_island_escapes, uniq_psyche, uniq_grum, uniq_prince_ribbit1
D:9:      layout_long_grid
D:10:     layout_roguey, nicolae_hepliaklqana_hippocampus, lair_entry_dummy,
          minmay_misc_feat_alley, nicolae_shop_clearance, uniq_fannar
D:11:     layout_rooms, gauntlet_entry_generic, serial_shops, shop, shop,
          nicolae_shop_getting_attention, nicolae_inconvenience_store,
          billiards_dpeg
D:12:     layout_stronghold, erik_orc_1, grunt_ministairs_15,
          serial_library_hellmonk_semicircle
D:13:     layout_gridville, erik_vaults_2, nicolae_fountain_basement
D:14:     minmay_tri_box, layout_irregular_city, minmay_holes,
          nicolae_uskayaw_suspiria
D:15:     hellmonk_depths_entry_around_the_bend, layout_basic,
          serial_bayou_pond_d, serial_shops, shop, minmay_hollow_rounded_squares
Temple:   bh_familiar_temple
Lair:1:   layout_cave_shapes, beast_lair_carwin_9, uniq_gastronok
Lair:2:   layout_regular_city, minmay_swamp_entry_worms, dummy_spider_entry
Lair:3:   layout_roguey
Lair:4:   layout_small_grid, gammafunk_ghost_hydra_chop,
          chequers_serial_rivers_micro_c
Lair:5:   guppyfry_lair_end_dragon, layout_gridlike, slime_entry_1, uniq_rupert
Swamp:1:  layout_basic_swamp, evilmike_swamp_ruin_house_5, uniq_kirke,
          uniq_mlioglotl
Swamp:2:  layout_falls_marsh, evilmike_swamp_ruin_house_2,
          nicolae_swamp_hydra_murder_den, uniq_aizul
Swamp:3:  layout_falls_marsh, nicolae_swamp_ascending_descending
Swamp:4:  swamp, layout_basic_swamp
Spider:1: layout_chambers, ebering_ghost_xom
Spider:2: layout_spider_delve, uniq_roxanne, uniq_agnes, uniq_nikola
Spider:3: layout_spider_delve, portal_ice_cave_entry_pillars_four,
          nicolae_spider_world_wide_web
Spider:4: grunt_spider_rune_parallel
Orc:1:    layout_caves, serial_shops, shop, basic_altar, minmay_orc_treasury,
          uniq_erica, uniq_nergalle, uniq_sonja
Orc:2:    st_orc_rangers, layout_diamond_mine, uniq_donald
Elf:1:    layout_rooms, hangedman_corner_corridor, grunt_megastairs_3,
          uniq_zenata
Elf:2:    elven_hall_of_blades_hangedman_original
          [nicolae_blade_entry_crossed_weapons], layout_geoelf_diagonals
Elf:3:    minmay_elf_hall_furrowed, layout_geoelf_diagonals, uniq_bai_suzhen,
          uniq_asterion
Vaults:1: ontoclasm_vaults_spin, nicolae_vaults_network_barrier,
          v_alt_pattern_3, nicolae_vaults_two_Ls, nicolae_vaults_three_branches,
          nicolae_vaults_storage_room_statues, nicolae_vaults_diamond_2,
          grunt_vaults_hallway_short, nicolae_vaults_enemy_cabinets,
          vaults_room_fours, nicolae_vaults_trapezoid_1,
          nicolae_vaults_octothorpe, nicolae_vaults_trapezoid_1,
          layout_vaults_omnigrid, serial_shops, nicolae_shop_window_shopping
Vaults:2: minmay_crypt_entry_necro_gods, st_octagons_1,
          nicolae_vaults_tetromino_Z_2, grunt_vaults_trifunnel,
          hangedman_vaults_hat, nicolae_vaults_oval_intersection,
          hangedman_vaults_maws, nicolae_vaults_circle_grid_b,
          nicolae_vaults_offset_grid_hallway_1, v_misc_4,
          nicolae_vaults_apartment_2, nicolae_vaults_asterisk,
          layout_vaults_chaotic_city
Vaults:3: nicolae_vaults_trapezoid_lopsided_1,
          nicolae_vaults_offset_grid_hallway_2, st_octagons_2,
          hangedman_vaults_slice, v_pattern_5, v_misc_18, vaults_mumra_hexcomb,
          vaults_dpeg_emergency_exit, layout_vaults_big_cross, serial_shops,
          shop, uniq_mara
Vaults:4: hangedman_vaults_slither, nicolae_vaults_triangles,
          nicolae_vaults_wrenched, nicolae_vaults_house_1,
          nicolae_vaults_big_ls, v_misc_11, nicolae_vaults_trapezoid_3,
          grunt_vaults_funnel, nicolae_vaults_octothorpe,
          nicolae_vaults_tetromino_Z_2, nicolae_vaults_tetromino_L_1,
          nicolae_vaults_tetromino_L_1, nicolae_vaults_loss_of_containment,
          layout_vaults_maze_snakey, uniq_jory
Vaults:5: serial_shops, uniq_mennas
Depths:1: layout_gridlike, abyss_entry, grunt_mini_vestibule,
          cheibriados_altar_2, serial_shops, bzr_entry_safe,
          nicolae_shop_fire_sale [nicolae_sub_dead_trees], hangedman_blasphemy
Depths:2: minmay_stepped, layout_cave_pools, pan_entry, hell_entry,
          minmay_misc_feat_secret_circle, abyss_entry, firewood_loft
Depths:3: minmay_the_grid_triangle_9x9_recursive_2
          [minmay_the_grid_triangle_9x9_prize_center,
          minmay_the_grid_triangle_9x9_minimal,
          minmay_the_grid_triangle_9x9_pentomino_pain,
          minmay_the_grid_triangle_9x9_fully_insulated_deathbox],
          layout_gridlike, enter_ziggurat_c, abyss_entry,
          grunt_hell_entry_dis_old, roderic_filled_cross, special_room
          [special_room_morgue]
Depths:4: evilmike_zot_entry_argh, layout_basic, hellmouth_1,
          nicolae_elyvilon_temple_path
Zot:1:    circus_mu, layout_twisted_circle, hangedman_zot_diagonal_lockstep
Zot:2:    layout_concentric_octagons
Zot:3:    kennysheep_spiral_hall, layout_gridlike, bh_zot_ikea_curve
Zot:4:    grunt_zot_stairs_faceoff, layout_cathedral_of_symmetry, uniq_josephina
Zot:5:    layout_misc_corridors, hangedman_zot_decor_slant

Skill      XL: |  1  2  3  4  5  6  7  8  9 10 11 12 13 14 15 16 17 18 19 20 21 22 23 24 25 26 |
---------------+-------------------------------------------------------------------------------+-----
Axes           | 3 4 5 6 8 10 12 14 15 16 17 18 19 20 21 22 23 24 25 26 | 26.9
Fighting       | 4 5 6 7 9 10 11 12 13 14 15 17 18 19 21 22 | 22.7
Armour         | 4 5 6 7 9 12 14 16 17 18 19 20 21 22 23 24 25 26 27 | 27.0
Shields        | 4 |  4.9
Invocations    | 5 8 10 12 13 | 13.3
Throwing       | 5 8 10 12 14 16 17 | 17.5
Earth Magic    | 2 6 8 10 12 13 | 13.4
Spellcasting   | 1 3 4 6 7 |  7.7
Maces & Flails | 3 7 10 12 | 12.7
Dodging        | 2 7 9 12 14 16 | 16.2

Action                     |  1- 3 |  4- 6 |  7- 9 | 10-12 | 13-15 | 16-18 | 19-21 | 22-24 | 25-27 || total
---------------------------+-------+-------+-------+-------+-------+-------+-------+-------+-------++-------
  Melee: War axe           |    53 |   130 |   330 |   136 |       |       |       |       |       ||   649
         Headbutt          |    10 |    14 |    45 |    91 |   158 |   242 |   332 |   265 |    88 ||  1245
         Battleaxe         |       |       |       |   198 |       |       |       |       |       ||   198
         Executioner's axe |       |       |       |   134 |   918 |  1184 |  1191 |  1092 |   330 ||  4849
         Unarmed           |       |       |       |       |    12 |       |       |       |       ||    12
  Throw: Throwing net      |       |     1 |       |       |       |       |       |       |       ||     1
         Boomerang         |       |       |       |       |     5 |    45 |       |     5 |       ||    55
         Javelin           |       |       |       |       |       |       |       |     6 |       ||     6
 Invoke: Heroism           |       |       |       |     4 |    19 |    14 |     8 |    10 |     3 ||    58
         Finesse           |       |       |       |     1 |    13 |    11 |     7 |     8 |     3 ||    43
         Receive Weapon    |       |       |       |     1 |       |       |       |       |       ||     1
         Receive Armour    |       |       |       |     1 |       |       |       |       |       ||     1
         Duel              |       |       |       |       |       |     1 |       |     3 |       ||     4
    Use: Potion            |       |     5 |     4 |     3 |     7 |     9 |    11 |    16 |    11 ||    66
         Scroll            |       |       |    14 |     9 |    10 |     2 |     6 |     6 |       ||    47
   Stab: Invisible         |       |       |     2 |       |    18 |    26 |    23 |    30 |    14 ||   113
         Sleeping          |       |       |       |       |     1 |       |       |       |       ||     1
         Distracted        |       |       |       |       |       |     1 |       |       |       ||     1
 Armour: Scale mail        |    36 |    15 |       |       |       |       |       |       |       ||    51
         Plate armour      |       |   113 |   300 |   366 |       |       |       |       |       ||   779
         Crystal plate arm |       |       |       |   170 |  1096 |  1473 |  1129 |  1338 |   307 ||  5513
         Skin              |       |       |       |       |     6 |       |       |       |       ||     6
  Dodge: Dodged            |    25 |    52 |    87 |   262 |   907 |  1399 |   873 |   929 |   215 ||  4749
  Block: Buckler           |     9 |    26 |    36 |    27 |       |       |       |       |       ||    98
